 Dungeon Crawl Stone Soup version 0.32-a0-928-g1cae6b7ea0 (webtiles) character file.

Game seed: 6377799369435654912

165 uglyjohn the Ruffian (level 5, 0/42 HPs)
             Began as a Draconian Shapeshifter on Apr 12, 2024.
             Slain by an orc
             ... wielding a +0 trident
              (6 damage)
             ... on level 3 of the Dungeon.
             The game lasted 00:04:13 (1658 turns).

uglyjohn the Ruffian (Draconian Shapeshifter)       Turns: 1658, Time: 00:04:13

Health: 0/42       AC:  5    Str: 19    XL:     5   Next: 21%
Magic:  5/5        EV: 11    Int: 10    God:
Gold:   128        SH:  0    Dex: 10    Spells: 4/4 levels left

rFire   . .          .
                       - Unarmed
rCold   . . .        (no shield)
rNeg    . . .        (body armour unavailable)
rPois   .            (helmet currently unavailable)
rElec   .            (cloak currently unavailable)
rCorr   .            (gloves currently unavailable)
SInv    .            (boots currently unavailable)
Will    .....        (no amulet)
Stlth   +            (no ring)
HPRegen 0.27/turn    (no ring)
MPRegen 0.09/turn

%: no passive effects
@: beast-form
A: beast (slay +2), AC +5, unfitting armour, cold-blooded
a: Begin Untransformation


You were on level 3 of the Dungeon.
You were a hulking beast.
You visited 1 branch of the dungeon, and saw 3 of its levels.

You collected 128 gold pieces.

Inventory:

Armour
 d - a +0 pair of boots
Jewellery
 g - an amulet of regeneration
Talismans
 b - a beast talisman (active)
 c - a flux talisman
Scrolls
 e - a scroll of fear {unknown}
 j - 2 scrolls of identify {unknown}
 l - a scroll of vulnerability {unknown}
 m - a scroll of enchant weapon {unknown}
 n - 2 scrolls of amnesia {unknown}
 p - a scroll of immolation {unknown}
 q - a scroll of blinking {unknown}
Potions
 f - a potion of magic {unknown}
 h - a potion of curing {unknown}
 i - a potion of invisibility {unknown}
 k - a potion of attraction {unknown}
 o - a potion of cancellation {unknown}


   Skills:
 + Level 2.4 Fighting
 + Level 2.4 Dodging
 * Level 4.2 Unarmed Combat
 * Level 4.0 Shapeshifting


You had 4 spell levels left.
You didn't know any spells.
Your spell library contained the following spells:

 Spells                   Type           Power      Damage    Failure   Level
 Call Canine Familiar     Summ           0%         N/A       75%         3
 Maxwell's Portable Pile  Tloc           0%         2d(5-13)  75%         3
 Sigil of Binding         Hex            0%         N/A       75%         3
 Dimensional Bullseye     Hex/Tloc       0%         N/A       98%         4
 Arcjolt                  Conj/Air       0%         1d10      100%        5
 Maxwell's Capacitive Co  Air            0%         ∞         100%        8


Dungeon Overview and Level Annotations

Branches:
Dungeon (3/15)

Altars:
Fedhas

Shops:
D:2 :


Innate Abilities, Weirdness & Mutations

You are a hulking beast.
Your limbs bulge with bestial killing power. (Slay +2)
Your plain brown scales are hard. (AC +5)
You cannot fit into any form of body armour.
You are cold-blooded and may be slowed by cold attacks.


Message History

The adder bites you but does no damage. x2
You miss the adder.
The adder is moderately wounded.
Your transformation is almost over.
An orc wizard comes into view. It is wielding a +0 dagger.
The adder bites you but does no damage.
You barely miss the adder.
The adder is moderately wounded.
An orc comes into view. It is wielding a +0 club.
The orc wizard gestures wildly while chanting.
The orc wizard flickers and vanishes!
Deactivating autopickup; reactivate with Ctrl-A.
The adder bites you but does no damage. The orc hits you but does no damage.
You barely miss the adder.
The adder is moderately wounded.
The orc shouts!
The adder bites you but does no damage. The orc hits you but does no damage.
The adder bites you but does no damage.
You closely miss the adder.
The adder is moderately wounded.
The adder bites you but does no damage. The orc hits you but does no damage.
You closely miss the adder.
The adder is moderately wounded.
The adder bites you but does no damage. The orc hits you but does no damage.
You smack the adder!
You kill the adder!
The orc hits you but does no damage. x2
You hit the orc but do no damage.
You smack the orc!
You kill the orc!
The orc hits you but does no damage.
You feel less wooden.
You turn into a hulking beast.
The orc misses you.
You closely miss the orc.
The orc hits you from afar with a +0 trident.
* * * LOW HITPOINT WARNING * * *
You hit the orc.
The orc is lightly wounded.
The orc hits you from afar with a +0 trident.
You die...

...?.. #### ##.ß....
#+#..## #....... #.....#
#=..ß... ##.##.# #)....
. ##..##.#### #... ...
#..###....#####†###.....
..## ####.....~.h)o...~.
### #..~.~~~o.{.≈...
#...~≈≈≈~≈~~~.~.
##~.≈≈≈≈≈~≈~~...
#.≈~≈≈≈≈≈≈≈~.).
#~.~≈g♣♣♣≈~~≈~#
#~.≈≈~._♣≈~≈≈~#
#~≈~≈≈~g♣≈≈~~.#
#..≈≈≈≈~~~ ≈~


You could see 2 orcs and a hobgoblin.

Vanquished Creatures
  An orc priest (D:3)
  3 gnolls (D:2)
  4 adders
  4 ribbon worms
  An orc (D:3)
  4 endoplasms (D:2)
  5 giant cockroaches (D:1)
  5 goblins
  5 hobgoblins
  5 kobolds
  4 quokkas
  6 ball pythons
  5 bats
  A frilled lizard (D:2)
  10 rats
63 creatures vanquished.

Notes
Turn   | Place    | Note
-------+----------+-------------------------------------------
     0 | D:1      | uglyjohn the Draconian Shapeshifter began the quest for the
                  | Orb.
     0 | D:1      | Reached XP level 1. HP: 16/16 MP: 1/1
   146 | D:1      | Reached XP level 2. HP: 22/23 MP: 2/2
   351 | D:1      | You fall into a shaft and drop 1 floor!
   459 | D:1      | Reached XP level 3. HP: 29/29 MP: 3/3
   718 | D:2      | Found Timamaza's Book Emporium.
   804 | D:2      | Found a blossoming altar of Fedhas.
   845 | D:2      | Reached XP level 4. HP: 10/36 MP: 4/4
  1611 | D:3      | Found a faded altar of an unknown god.
  1644 | D:3      | Reached XP level 5. HP: 7/42 MP: 5/5
  1658 | D:3      | Slain by an orc

Illustrated notes

Levels and vault maps discovered:
D:1:      heliophobic_arrival_ceremonial_halls, layout_loops_ring,
          chequers_jeans, minmay_quantized
D:2:      layout_basic, serial_shops, shop, basic_altar
D:3:      layout_basic, nicolae_uskayaw_dance_hall,
          chequers_temple_overflow_minitemple, chequers_ecumenical_altar_island,
          kennysheep_small_spiral, minmay_door_square,
          minmay_misc_feat_nine_boxes

Skill      XL: |  1  2  3  4 |
---------------+-------------+-----
Dodging        | 2 |  2.4
Fighting       | 2 |  2.4
Unarmed Combat | 4 |  4.2
Shapeshifting  | 4 |  4.0

Action                     |  1- 3 |  4- 6 || total
---------------------------+-------+-------++-------
  Melee: Unarmed           |    98 |    78 ||   176
         Tailslap          |     9 |     9 ||    18
         Punch             |     3 |     3 ||     6
    Use: Potion            |       |     2 ||     2
   Stab: Sleeping          |     1 |       ||     1
 Armour: Skin              |    50 |    69 ||   119
  Dodge: Dodged            |    55 |    37 ||    92

Table legend: (Time is in decaauts)
 A = Elapsed time spent in this place.
 B = Non-inter-level travel time spent in this place.
 C = Inter-level travel time spent in this place.
 D = Time resting spent in this place.
 E = Time spent auto-exploring this place.
 F = Levels seen in this place.
 G = Mean time per level.
                   A        B        C        D        E       F      G
               +--------+--------+--------+--------+--------+-----+--------+
         Total |   1648 |   1614 |     34 |    164 |   1001 |   3 |  549.3 |
       Dungeon |   1648 |   1614 |     34 |    164 |   1001 |   3 |  549.3 |
               +--------+--------+--------+--------+--------+-----+--------+

Top non-repeatable levels by time:
     D:2: 901 daAuts
     D:1: 629 daAuts
     D:3: 118 daAuts
